 Dungeon Crawl Stone Soup version 0.24.0-13-gcf9b3192b9 (webtiles) character file.

Game seed: 12378307458820838361, levelgen mode: deterministic

121 Mesmaeker13 the Magician (level 4, -3/33 HPs)
             Began as a Draconian Wizard on Nov 7, 2019.
             Killed from afar by an orc wizard (10 damage)
             ... with a puff of flame
             ... on level 1 of the Dungeon.
             The game lasted 00:04:40 (2560 turns).

Mesmaeker13 the Magician (Draconian Wizard)         Turns: 2560, Time: 00:04:40

Health: -3/33      AC:  5    Str:  9    XL:     4   Next: 76%
Magic:  4/9        EV: 12    Int: 20    God:
Gold:   148        SH:  0    Dex:  9    Spells: 4/10 levels left

rFire    . . .     SeeInvis .   d - +1 dagger
rCold    + . .     Gourm    .   (no shield)
rNeg     . . .     Faith    .   (armour unavailable)
rPois    +         Spirit   .   a - +0 hat
rElec    .         Reflect  .   (no cloak)
rCorr    .         Harm     .   (no gloves)
MR       .....                  (no boots)
Stlth    ++........             (no amulet)
HPRegen  0.11/turn              k - ring of poison resistance
MPRegen  0.11/turn              i - ring of protection from cold

@: flying, very slightly contaminated
A: unfitting armour, cold-blooded, AC +5
a: no special abilities


You were on level 1 of the Dungeon.
You were not hungry.

You visited 1 branch of the dungeon, and saw 3 of its levels.

You collected 148 gold pieces.

Inventory:

Hand Weapons
 d - a +1 dagger (weapon)
Armour
 a - a +0 hat (worn)
Jewellery
 g - an uncursed ring of ice
 i - a ring of protection from cold (right hand)
 k - a ring of poison resistance (left hand)
Scrolls
 e - a scroll of remove curse
 j - 2 scrolls of blinking
 l - 2 scrolls of enchant weapon
Potions
 f - a potion of agility {unknown}
 n - a potion of lignification {unknown}
Comestibles
 c - 6 rations


   Skills:
 + Level 3.0 Dodging
 - Level 1.7 Stealth
 + Level 3.8 Spellcasting
 + Level 2.7 Conjurations
 - Level 1.0 Summonings
   Level 1.0 Translocations


You had 4 spell levels left.
You knew the following spells:

 Your Spells              Type           Power        Failure   Level  Hunger
a - Magic Dart            Conj           ##..         4%          1    None
b - Call Imp              Summ           #.......     13%         2    ##.....
c - Mephitic Cloud        Conj/Pois/Air  #.......     26%         3    ###....

Your spell library contained the following spells:

 Spells                   Type           Power        Failure   Level  Hunger
 Blink                    Tloc           N/A          13%         2    ##.....
 Slow                     Hex            #.......     21%         2    ##.....
 Conjure Flame            Conj/Fire      #.......     22%         3    ###....


Dungeon Overview and Level Annotations

Branches:
Dungeon (3/15)

Altars:
Ashenzari
Nemelex Xobeh
Ru

Annotations:
D:3 Sigmund


Innate Abilities, Weirdness & Mutations

Your plain brown scales are hard. (AC +5)
You cannot fit into any form of body armour.
You are cold-blooded and may be slowed by cold attacks.


Message History

Unknown command.
The orc hits you with a +0 club. Something hits you but does no damage.
There is a stone staircase leading up, spattered with blood here.
You hear some strange, mumbled words.
You fly upwards.
Reactivating autopickup.
There is a stone staircase leading down here.
Something hits you but does no damage.
Deactivating autopickup; reactivate with Ctrl-A.
You hear some strange, mumbled words.
A puff of flame appears from out of thin air!
The puff of flame hits you!
* * * LOW HITPOINT WARNING * * *
Something hits you.
* * * LOW HITPOINT WARNING * * *
Something hits you but does no damage.
You hear some strange, mumbled words.
A puff of flame appears from out of thin air!
The puff of flame hits you!
You die...

#......# #........... ####
#......##### #.........## ...#
#..........# ##........##
...######..........####..........
.................................
.................................
....................#............
....................#............
...........>....@................
.................................
.................................
....................#............
..#########).#......#............
### #...# ##.#####..............#
#.8.# #...# ####............
#...# ###.# #............ ###'###
#.# ###.#.#......


There were no monsters in sight!

Vanquished Creatures
  Jessica (D:2)
  An adder (D:2)
  4 dart slugs
  2 ball pythons
  6 bats
  6 goblins
  8 hobgoblins
  3 jackals (D:1)
  2 quokkas
  2 frilled lizards (D:1)
  4 kobolds
  9 rats
48 creatures vanquished.

Vanquished Creatures (collateral kills)
  An orc priest (D:3)
  Terence (D:2)
  An adder (D:2)
  An orc (D:3)
4 creatures vanquished.

Vanquished Creatures (others)
  An orc (D:3)
1 creature vanquished.

Grand Total: 53 creatures vanquished

Notes
Turn   | Place    | Note
-------+----------+-------------------------------------------
     0 | D:1      | Mesmaeker13 the Draconian Wizard began the quest for the
                  | Orb.
     0 | D:1      | Reached XP level 1. HP: 14/14 MP: 4/4
   205 | D:1      | Reached XP level 2. HP: 18/20 MP: 0/6
   635 | D:2      | Noticed Terence
   674 | D:2      | Noticed Jessica
   746 | D:2      | Learned a level 2 spell: Call Imp
   774 | D:2      | Killed Terence
   774 | D:2      | Reached XP level 3. HP: 23/26 MP: 3/7
   965 | D:2      | HP: 1/26 [Jessica/nerve-wracking pain (13)]
   969 | D:2      | Killed Jessica
  1226 | D:2      | Reached XP level 4. HP: 21/33 MP: 7/9
  1234 | D:2      | Found a shattered altar of Ashenzari.
  1371 | D:2      | Found a faded altar of an unknown god.
  1666 | D:2      | Found a sacrificial altar of Ru.
  1897 | D:2      | Found a sparkling altar of Nemelex Xobeh.
  2084 | D:3      | Noticed Sigmund
  2106 | D:3      | Learned a level 3 spell: Mephitic Cloud
  2560 | D:1      | Killed from afar by an orc wizard

Levels and vault maps discovered:
D:1:      minmay_arrival_stair_chambers, layout_rooms
D:2:      layout_rooms, lemuel_doored_altar, lemuel_round_altar,
          evilmike_ruin_ashenzari, first_ration,
          chequers_ecumenical_altar_simple_redux, uniq_terence, uniq_jessica
D:3:      layout_basic, minmay_misc_feat_hallway, skrybe_limestone_x,
          uniq_sigmund, uniq_natasha

Skill      XL: |  1  2  3  4 |
---------------+-------------+-----
Dodging        | 2 3 |  3.0
Conjurations   | 2 |  2.7
Stealth        | |  1.7
Spellcasting   | |  3.8
Summonings     | |  1.0
Translocations | |  1.0

Action                   |  1- 3 |  4- 6 || total
-------------------------+-------+-------++-------
Melee: Unarmed           |    14 |       ||    14
       Dagger            |    59 |    20 ||    79
       Tailslap          |     4 |     1 ||     5
 Cast: Magic Dart        |    54 |    50 ||   104
       Call Imp          |     3 |     5 ||     8
  Use: Scroll            |     1 |     4 ||     5
       Potion            |     2 |     1 ||     3
 Stab: Sleeping          |       |     1 ||     1
  Eat: Ration            |     1 |       ||     1
       Chunk             |       |     2 ||     2
Armor: Skin              |    37 |    15 ||    52
Dodge: Dodged            |    71 |    15 ||    86
